 Dungeon Crawl Stone Soup version 0.20.1-1-g8b1a95d (webtiles) character file.

16249 Humpert the Cleaver (level 12, -3/113 HPs)
             Began as a Yellow Draconian Fighter on Oct 12, 2017.
             Was a High Priest of Okawaru.
             Slain by a two-headed ogre
             ... wielding a +0 giant spiked club
              (29 damage)
             ... on level 12 of the Dungeon.
             The game lasted 00:55:31 (17641 turns).

Humpert the Cleaver (Yellow Draconian Fighter)     Turns: 17641, Time: 00:55:31

Health: -3/113     AC: 19    Str: 20    XL:     12   Next: 8%
Magic:  11/11      EV: 17    Int: 13    God:    Okawaru [*****.]
Gold:   243        SH:  0    Dex: 14    Spells: 11/11 levels left

rFire    + + .     SeeInvis .   H - +6 hand axe
rCold    + + .     Gourm    .   (no shield)
rNeg     . . .     Faith    .   (armour unavailable)
rPois    .         Spirit   .   t - +0 hat of Inviolability {rC+ rCorr Int+4}
rElec    .         Reflect  .   y - scarf {rC+ rF+}
rCorr    +         Harm     .   z - +0 pair of gloves
MR       .....                  O - +0 pair of boots
Stlth    +.........             (no amulet)
Regen    0.3/turn               F - +5 ring of protection
MPRegen  0.2/turn               g - +4 ring of protection

@: about to teleport, very slightly contaminated
A: spit acid, acid resistance, unfitting armour, hooves 1, fire resistance 1,
low mp 1, cold-blooded, MP-powered wands, AC +8
a: Breathe Acid, Heroism, Finesse, Renounce Religion


You were on level 12 of the Dungeon.
You worshipped Okawaru.
Okawaru was extremely pleased with you.
You were hungry.

You visited 2 branches of the dungeon, and saw 13 of its levels.

You collected 538 gold pieces.
You spent 295 gold pieces at shops.

Inventory:

Hand Weapons
 a - a +0 war axe
 H - a +6 hand axe (weapon)
Armour
 b - a +0 shield
 t - the +0 hat of Inviolability (worn) {rC+ rCorr Int+4}
   (Okawaru gifted it to you on level 9 of the Dungeon)

   It affects your intelligence (+4).
   It protects you from cold.
   It protects you from acid and corrosion.
 x - a +0 cloak
 y - a scarf of resistance (worn)
 z - a +0 pair of gloves (worn)
 O - a +0 pair of boots (worn)
Jewellery
 e - an uncursed ring of flight
 g - a +4 ring of protection (right hand)
 v - an uncursed ring of ice
 w - a +3 ring of strength {unknown}
 F - a +5 ring of protection (left hand)
Wands
 c - a wand of iceblast (2/15)
 u - a wand of paralysis (5/24)
 A - a wand of iceblast (9/15)
 D - a wand of acid (10/15)
 E - a wand of polymorph (4/24)
 K - a wand of lightning (4/15)
Scrolls
 f - a scroll of fog
 m - a scroll of magic mapping
 p - 7 scrolls of remove curse
 s - 2 scrolls of enchant armour
 B - 5 scrolls of amnesia
 G - a scroll of recharging
Potions
 h - a potion of lignification
 k - a potion of curing
 l - 3 potions of invisibility
 o - a potion of agility
 r - a potion of might
 C - 2 potions of flight
Comestibles
 d - 6 bread rations
 I - a royal jelly
 L - 6 meat rations


   Skills:
 * Level 12.8 Fighting
 + Level 13.3 Axes
 + Level 8.4 Dodging
 - Level 0.4 Stealth
 - Level 3.2 Shields
 * Level 0.4 Invocations


You had 11 spell levels left.
You didn't know any spells.

Dungeon Overview and Level Annotations

Branches:
Dungeon (12/15)            Temple (1/1) D:5            Lair (0/6) D:9
    Orc (0/2) D:10

Altars:
Ashenzari
Cheibriados
Dithmenos
Elyvilon
Fedhas
Gozag
Hepliaklqana
Kikubaaqudgha
Makhleb
Nemelex Xobeh
Okawaru
Qazlal
Ru
Sif Muna
Trog
Uskayaw
Vehumet
Xom
Yredelemnul
Zin
The Shining One

Shops:
D:4 [   D:8 ?


Innate Abilities, Weirdness & Mutations

You can spit globs of acid.
You are resistant to acid.
Your golden yellow scales are hard. (AC +8)
You cannot fit into any form of body armour.
You are cold-blooded and may be slowed by cold attacks.
You have large cloven feet.
Your flesh is heat resistant. (rF+)
Your magical capacity is low. (-10% MP)
You expend magic power (3 MP) to strengthen your wands.


Message History

You hear a horrible gurgling sound!
You hear a shout!
You hear two shouts!
You hear a shout!
The orc warrior picks up a scroll of blinking.
Found eight items.
A manticore, a polar bear, a worker ant, a scorpion, a gargoyle, an ice beast, an orc, 2 two-headed ogres, a wraith, 2 skeletal warriors, a skeleton, a deep elf archer and a howler monkey come into view.
The gargoyle is wielding a flail of venom.
The orc is wielding a dagger of speed.
As you read the scroll of teleportation, it crumbles to dust.
You feel strangely unstable.
The two-headed ogre shouts in stereo!
The manticore completely misses you. The manticore misses you.
The manticore closely misses you.
The two-headed ogre moves out of view.
The polar bear moves out of view.
The skeletal warrior moves out of view.
The orc warrior moves out of view.
The fire dragon closely misses you. The fire dragon barely misses you.
The fire dragon misses you.
A centaur and a tengu warrior come into view.
You feel better.
The centaur shouts!
The two-headed ogre closely misses you.
The two-headed ogre hits you with a giant spiked club!!
You die...

{ )#. ##| . #e
WQ .#e .. O#..
.9. #..# .#.
h#. ..###
##(.+ ..Ya ..
##.... ....#
coC#z##...#
....#
#.H.#lO!# ...#
#@Dz# #..#
#.#O#$.# #..+
..J Z# # #..#
##.. #. #y.#
..# .#
#..###+####+##
##
##..y.......
..<>........
....########


You could see a fire dragon, an ettin, 2 skeletal warriors, a tengu warrior, 3
two-headed ogres, a deep elf archer, a manticore, a deep elf mage, a wraith, a
wyvern, a gargoyle, an ice beast, a centaur, a howler monkey, a jelly, a worker
ant (wandering), an orc (wandering) and a centaur warrior skeleton.

Vanquished Creatures
  The ghost of Dirian the Carver, a novice MiFi of Makhleb (D:10)
  A manticore (D:11)
  The ghost of Gremour the Carver, a novice DsMo of Trog (D:5)
  5 trolls
  A polar bear (D:9)
  A hornet (D:10)
  2 slime creatures
  4 hippogriffs
  14 yaks
  Sigmund (D:6)
  A human (D:7)
  4 hogs (D:7)
  Grum (D:9)
  3 hungry ghosts
  4 vampire mosquitoes (D:10)
  2 water moccasins
  Duvessa (D:5)
  4 orc warriors
  4 sky beasts
  An eye of draining (D:10)
  4 ice beasts
  3 phantoms
  2 black bears
  2 ogres
  7 wolves (D:9)
  13 centaurs
  3 big kobolds
  14 bullfrogs
  A gnoll sergeant (D:8)
  A wyvern zombie (D:9)
  A water moccasin skeleton (D:9)
  Dowan (D:6)
  A scorpion (D:8)
  6 killer bees (D:10)
  9 wights
  5 howler monkeys
  3 electric eels (D:9)
  5 crimson imps
  A bullfrog zombie (D:9)
  A centaur zombie (D:5)
  7 orc priests
  5 jellies
  Crazy Yiuf (D:4)
  A centaur skeleton (D:6)
  11 hounds
  A bullfrog skeleton (D:8)
  18 orc wizards
  7 iguanas
  Jessica (D:2)
  Terence (D:2)
  Ijyb (D:5)
  7 worker ants
  A bullfrog simulacrum (D:9)
  A hound zombie (D:8)
  4 worker ant zombies
  13 gnolls
  19 adders
  2 shadow imps
  2 white imps (D:9)
  A worker ant simulacrum (D:9)
  3 ufetubi
  An adder skeleton (D:5)
  3 worms (D:2)
  3 dart slugs
  5 leopard geckos
  48 orcs
  2 ball pythons
  6 giant cockroaches
  10 goblins
  6 hobgoblins
  11 jackals
  4 quokkas
  5 bats (D:1)
  6 frilled lizards
  19 kobolds
  A quokka zombie (D:9)
  5 rats
381 creatures vanquished.

Vanquished Creatures (others)
  A hobgoblin (D:2)
1 creature vanquished.

Grand Total: 382 creatures vanquished

Notes
Turn   | Place    | Note
-------+----------+-------------------------------------------
     0 | D:1      | Humpert the Draconian Fighter began the quest for the Orb.
     0 | D:1      | Reached XP level 1. HP: 19/19 MP: 1/1
     8 | D:1      | Noticed an electric eel
     8 | D:1      | Noticed an electric eel
   217 | D:1      | Reached XP level 2. HP: 26/26 MP: 2/2
   649 | D:2      | Reached XP level 3. HP: 29/33 MP: 3/3
   762 | D:2      | Found an opulent altar of Gozag.
   771 | D:2      | Found a deep blue altar of Sif Muna.
   983 | D:2      | Noticed Jessica
   993 | D:2      | Killed Jessica
   993 | D:2      | Reached XP level 4. HP: 23/40 MP: 4/4
  1295 | D:2      | Noticed Terence
  1340 | D:2      | Reached skill level 3 in Axes
  1401 | D:2      | Killed Terence
  1965 | D:2      | Reached XP level 5. HP: 44/47 MP: 5/5
  2492 | D:3      | Found a sparkling altar of Nemelex Xobeh.
  2902 | D:2      | Reached skill level 4 in Axes
  3606 | D:4      | Reached skill level 5 in Fighting
  3654 | D:4      | Reached XP level 6. HP: 56/56 MP: 6/6
  3888 | D:4      | Reached skill level 5 in Axes
  3955 | D:4      | Your scales start taking on a golden yellow colour.
  3955 | D:4      | Reached XP level 7. HP: 36/61 MP: 7/7
  4290 | D:4      | Found Erphene's Armour Emporium.
  4362 | D:4      | Found a runed door.
  4592 | D:4      | Noticed Crazy Yiuf
  4594 | D:4      | Killed Crazy Yiuf
  4660 | D:5      | Entered Level 5 of the Dungeon
  4742 | D:5      | Noticed Gremour's ghost (novice DsMo)
  4764 | D:5      | Killed Gremour's ghost
  4764 | D:5      | Reached skill level 6 in Axes
  4764 | D:5      | Reached XP level 8. HP: 47/71 MP: 8/8
  5036 | D:5      | Found a staircase to the Ecumenical Temple.
  5111 | Temple   | Entered the Ecumenical Temple
  5334 | Temple   | Became a worshipper of Warmaster Okawaru
  5545 | D:5      | Found a hazy altar of Hepliaklqana.
  5582 | D:5      | Noticed Ijyb
  5600 | D:5      | Killed Ijyb
  5600 | D:5      | Reached skill level 7 in Axes
  6064 | D:6      | Found a white marble altar of Elyvilon.
  6206 | D:6      | Noticed Dowan
  6279 | D:6      | Killed Dowan
  6667 | D:6      | Reached skill level 8 in Axes
  6762 | D:6      | Noticed Sigmund
  6774 | D:6      | Killed Sigmund
  6934 | D:6      | Noticed Duvessa
  6939 | D:6      | Reached * piety under Okawaru
  6970 | D:5      | Killed Duvessa
  6970 | D:5      | Reached XP level 9. HP: 60/82 MP: 9/9
  7090 | D:6      | Reached skill level 5 in Dodging
  7599 | D:6      | Reached skill level 9 in Axes
  8045 | D:7      | Reached ** piety under Okawaru
  8597 | D:4      | Bought a +0 pair of boots for 49 gold pieces
  8764 | D:7      | Reached skill level 10 in Axes
  8854 | D:8      | Found a glowing golden altar of the Shining One.
  9238 | D:8      | Reached XP level 10. HP: 93/93 MP: 10/10
  9240 | D:8      | Found Siguserr's Magic Scroll Shoppe.
  9252 | D:8      | Bought 2 scrolls of identify for 48 gold pieces
  9252 | D:8      | Bought a scroll of identify for 24 gold pieces
  9252 | D:8      | Bought a scroll of identify for 24 gold pieces
  9252 | D:8      | Bought a scroll of blinking for 90 gold pieces
  9252 | D:8      | Bought a scroll of remove curse for 36 gold pieces
  9252 | D:8      | Bought a scroll of identify for 24 gold pieces
  9349 | D:8      | Reached *** piety under Okawaru
  9362 | D:8      | Reached skill level 10 in Fighting
 10501 | D:8      | Reached **** piety under Okawaru
 11122 | D:9      | Reached skill level 11 in Axes
 11155 | D:9      | Noticed Grum
 11270 | D:9      | Found a staircase to the Lair.
 11725 | D:9      | Killed Grum
 12145 | D:9      | Reached ***** piety under Okawaru
 12171 | D:9      | Received a gift from Okawaru
 12182 | D:9      | Got a heavily runed hat {god gift}
 12273 | D:9      | Identified the +0 hat of Inviolability {rC+ rCorr Int+4} (Okawaru gifted it to you on level 9 of the Dungeon)
 12822 | D:9      | Found a shimmering altar of Xom.
 12873 | D:9      | Reached XP level 11. HP: 94/102 MP: 11/11
 13634 | D:10     | Entered Level 10 of the Dungeon
 13790 | D:10     | Reached skill level 12 in Axes
 14040 | D:10     | Found a staircase to the Orcish Mines.
 14409 | D:10     | Noticed Dirian's ghost (novice MiFi)
 14710 | D:10     | Found a glowing silver altar of Zin.
 14745 | D:10     | Killed Dirian's ghost
 16026 | D:11     | Reached skill level 13 in Axes
 17153 | D:11     | Reached XP level 12. HP: 62/113 MP: 12/12
 17559 | D:11     | Gained mutation: Your magical capacity is low. (-10% MP) [potion of mutation]
 17559 | D:11     | Gained mutation: You expend magic power (3 MP) to strengthen your wands. [potion of mutation]
 17559 | D:11     | Gained mutation: You have large cloven feet. [potion of mutation]
 17559 | D:11     | Gained mutation: Your flesh is heat resistant. (rF+) [potion of mutation]
 17637 | D:12     | HP: 3/113 [meliai/divine providence (8)]
 17639 | D:12     | Noticed an ettin
 17639 | D:12     | Noticed a two-headed ogre
 17639 | D:12     | Noticed a fire dragon
 17639 | D:12     | Noticed a two-headed ogre
 17640 | D:12     | Noticed a two-headed ogre
 17640 | D:12     | Noticed a two-headed ogre
 17641 | D:12     | Noticed a tengu warrior
 17641 | D:12     | Slain by a two-headed ogre

Skill      XL: |  1  2  3  4  5  6  7  8  9 10 11 |
---------------+----------------------------------+-----
Dodging        | 3 4 5 6 8 |  8.4
Fighting       | 4 5 6 8 9 11 12 | 12.8
Axes           | 3 4 5 6 8 10 11 13 | 13.3
Stealth        | |  0.4
Shields        | |  3.2
Invocations    | |  0.4

Action                   |  1- 3 |  4- 6 |  7- 9 | 10-12 || total
-------------------------+-------+-------+-------+-------++-------
Melee: War axe           |    97 |   221 |   228 |       ||   546
       Tailslap          |    16 |    31 |    57 |   200 ||   304
       Hand axe          |       |       |   128 |   973 ||  1101
Throw: Javelin           |       |     2 |       |       ||     2
Invok: Heroism           |       |       |       |     1 ||     1
 Abil: Breathe Acid      |       |       |     2 |     2 ||     4
Evoke: Wand              |       |       |     2 |     4 ||     6
  Use: Potion            |       |     2 |     1 |     7 ||    10
       Scroll            |       |       |       |    30 ||    30
 Stab: Sleeping          |       |       |     2 |       ||     2
  Eat: Chunk             |       |    10 |     7 |    15 ||    32
       Meat ration       |       |       |     2 |       ||     2
       Fruit             |       |       |       |     4 ||     4
       Royal jelly       |       |       |       |     6 ||     6
       Bread ration      |       |       |       |     1 ||     1
Armor: Skin              |    42 |    92 |   149 |   406 ||   689
Dodge: Dodged            |    90 |   169 |   238 |   686 ||  1183
